 Dungeon Crawl Stone Soup version 0.24.0-13-gcf9b319 (webtiles) character file.

Game seed: 7125981172826536298, levelgen mode: deterministic

130 recordrepeat the Chopper (level 5, -1/47 HPs)
             Began as a Hill Orc Monk on Jan 30, 2020.
             Slain by a worker ant (6 damage)
             ... on level 3 of the Dungeon.
             The game lasted 00:05:24 (2523 turns).

recordrepeat the Chopper (Hill Orc Monk)            Turns: 2523, Time: 00:05:25

Health: -1/47      AC:  2    Str: 17    XL:     5   Next: 14%
Magic:  5/5        EV: 13    Int: 15    God:
Gold:   96         SH:  4    Dex: 13    Spells: 4/4 levels left

rFire    . . .     SeeInvis .   a - +0 hand axe
rCold    + . .     Gourm    .   (no shield)
rNeg     . . .     Faith    .   b - +0 robe
rPois    .         Spirit   .   (no helmet)
rElec    .         Reflect  +   (no cloak)
rCorr    .         Harm     .   (no gloves)
MR       .....                  (no boots)
Stlth    ++........             e - +4 amulet of reflection
HPRegen  0.15/turn              (no ring)
MPRegen  0.09/turn              (no ring)

@: brilliant, lethally poisoned (-1 -> -12), very slightly contaminated,
invisible
A: blurry vision 1, cold resistance 1, screaming 1, strong 1
a: no special abilities


You were on level 3 of the Dungeon.
You were not hungry.

You visited 1 branch of the dungeon, and saw 3 of its levels.

You collected 96 gold pieces.

Inventory:

Hand Weapons
 a - a +0 hand axe (weapon)
 o - a +0 mace of protection
Armour
 b - a +0 robe (worn)
Jewellery
 e - a +4 amulet of reflection (around neck)
Scrolls
 h - a scroll of identify {unknown}
 k - 3 scrolls of immolation {unknown}
 l - a scroll of noise {unknown}
 m - 2 scrolls of amnesia {unknown}
Potions
 g - a potion of invisibility
 n - a potion of might
Comestibles
 c - 4 rations
 f - 5 chunks of flesh


   Skills:
 + Level 4.3 Fighting
 + Level 5.9 Axes
 + Level 3.1 Dodging
 + Level 2.1 Stealth


You had 4 spell levels left.
You didn't know any spells.
Your spell library was empty.

Dungeon Overview and Level Annotations

Branches:
Dungeon (3/15)

Altars:
Kikubaaqudgha


Innate Abilities, Weirdness & Mutations

Scrolls take you a little longer to read.
Your flesh is cold resistant. (rC+)
You occasionally shout uncontrollably at your foes.
Your muscles are strong. (Str +2)


Message History

You feel sick. The worker ant barely misses you.
You block the worker ant's attack.
It was a potion of mutation.
You feel extremely strange.
You feel stronger.
You feel the urge to shout.
Your vision blurs.
You feel resistant to cold.
* * * LOW HITPOINT WARNING * * *
You feel sick. The worker ant barely misses you.
It was a potion of magic.
Magic courses through your body.
* * * LOW HITPOINT WARNING * * *
You feel sick. The worker ant closely misses you.
You catch the helpless worker ant completely off-guard!
You hit the worker ant.
The worker ant is heavily wounded.
* * * LOW HITPOINT WARNING * * *
You feel sick. You block the worker ant's attack.
You hit the worker ant but do no damage.
The worker ant is heavily wounded.
* * * LOW HITPOINT WARNING * * *
You feel sick. The worker ant bites you.
You die...

#.....##..###.
#.....###.####
#.....# #...## ####
#.....# ###.## ..#
#.....# #...## #.#
##.##.###.#### #.###
##.##.##..###.
#ga.###..##....####.
#.#@....#########...
#g####.## ##..## #.#
#..# #.## #.# #.##
####.# #
#.###.#######.##.###
##.#.................
...###.###.....######
##### #.##..##### #
#.#..## ##


You could see a worker ant and a hobgoblin.

Vanquished Creatures
  A crimson imp (D:3)
  4 adders
  A worm (D:2)
  4 leopard geckos
  2 orcs (D:3)
  3 ball pythons
  2 giant cockroaches
  7 hobgoblins
  5 jackals
  A quokka (D:2)
  3 bats
  A frilled lizard (D:2)
  7 goblins
  2 kobolds (D:2)
  7 rats
50 creatures vanquished.

Vanquished Creatures (others)
  A human (D:2)
1 creature vanquished.

Grand Total: 51 creatures vanquished

Notes
Turn   | Place    | Note
-------+----------+-------------------------------------------
     0 | D:1      | recordrepeat the Hill Orc Monk began the quest for the Orb.
     0 | D:1      | Reached XP level 1. HP: 19/19 MP: 1/1
   131 | D:1      | Reached XP level 2. HP: 22/27 MP: 2/2
   495 | D:2      | Reached XP level 3. HP: 16/33 MP: 3/3
   914 | D:2      | Found an ancient bone altar of Kikubaaqudgha.
   914 | D:2      | Noticed a human
   919 | D:2      | Killed a human
   980 | D:2      | Reached skill level 5 in Axes
  1403 | D:2      | Reached XP level 4. HP: 40/40 MP: 4/4
  2194 | D:3      | Reached XP level 5. HP: 31/46 MP: 5/5
  2520 | D:3      | Gained mutation: Your muscles are strong. (Str +2) [potion
                  | of mutation]
  2520 | D:3      | Gained mutation: You occasionally shout uncontrollably at
                  | your foes. [potion of mutation]
  2520 | D:3      | Gained mutation: Scrolls take you a little longer to read.
                  | [potion of mutation]
  2520 | D:3      | Gained mutation: Your flesh is cold resistant. (rC+)
                  | [potion of mutation]
  2523 | D:3      | Slain by a worker ant

Levels and vault maps discovered:
D:1:      psy_arrival_spokes, layout_basic
D:2:      layout_basic, tgw_kikubaaqudgha
D:3:      layout_rooms, serial_co_window_serial, co_window_paths_a,
          co_window_paths_a, co_window_paths_a, co_window_of_opportunity_a,
          co_window_corner_a, co_window_paths_c, co_window_of_opportunity_c,
          co_window_corner_b, co_window_corner_ca, co_window_2corner,
          co_window_corner_b, co_window_sun, minmay_misc_feat_ornament,
          wander_ebering_terrifying_dragon_lair

Skill      XL: |  1  2  3  4 |
---------------+-------------+-----
Fighting       | 4 |  4.3
Axes           | 5 |  5.9
Dodging        | 3 |  3.1
Stealth        | 2 |  2.1

Action                   |  1- 3 |  4- 6 || total
-------------------------+-------+-------++-------
Melee: Hand axe          |   123 |   112 ||   235
  Use: Potion            |       |     4 ||     4
 Stab: Sleeping          |     3 |     1 ||     4
       Invisible         |       |     1 ||     1
  Eat: Chunk             |     2 |     3 ||     5
Armor: Robe              |    14 |    15 ||    29
Dodge: Dodged            |    78 |    57 ||   135
Block: Other             |    24 |    22 ||    46
       Reflection        |     1 |       ||     1
